AoeStats
← rafa

Arabia

509747818Analyzed
1v1 RM · 4d ago on Sep 27, 2026· 48m 38s· 2 players
Game mode
Random Map
Map size
Tiny (2 player)
Population
200
Speed
Normal
Resources
Standard
Victory
Conquest
Starting age
Dark Age
Ending age
Imperial Age
RankedLock teamsTeams togetherTeam positionsShared explorationLock speedFull tech treeHidden civsTurbo modeCheats
Victory
Defeat
🇦🇷 Spanish · Argentina
1133
+17
🇵🇱 Armenians · Poland
1155
-17
rafa
11:03 Feudal Age
19:16 Castle Age
19:36 Fletching
22:27 Husbandry
24:20 Gold Mining
28:17 Bodkin Arrow
29:12 Padded Archer Armor
31:58 Double-Bit Axe
33:29 Wheelbarrow
34:18 Horse Collar
35:43 Town Watch
37:02 Bloodlines
37:56 Thumb Ring
38:44 Loom
43:22 Imperial Age
41:33 Forging
43:28 Capped Ram
43:47 Heavy Mounted Crossbowman
Peres
10:12 Feudal Age
10:27 Man-at-Arms
11:48 Long Swordsman
13:28 Arson
15:40 Forging
18:35 Double-Bit Axe
19:01 Gold Mining
21:44 Castle Age
20:05 Stone Mining
21:10 Scale Mail Armor
25:12 Fervor
24:54 Horse Collar
27:32 Fletching
27:35 Elite Skirmisher
31:44 Sanctity
32:47 Gambesons
33:05 Two-Handed Swordsman
34:52 Ballistics
36:13 Iron Casting
37:36 Squires
39:07 Heavy Plow
39:45 Padded Archer Armor
41:02 Champion
42:17 Chain Mail Armor
42:45 Bow Saw
44:15 Bodkin Arrow
Connection lost

Rejoining the realm…

Still unreachable

The connection could not be restored.

Session expired

The server has moved on; the page needs a fresh start.